 Dungeon Crawl Stone Soup version 0.26-a0-642-g67e9924 (webtiles) character file.

Game seed: 34585559617250827

148 Crabhammer the Digger (level 5, -6/43 HPs)
             Began as a Naga Earth Elementalist on Sept 23, 2020.
             Mangled by a two-headed ogre
             ... wielding a +0 giant spiked club
              (28 damage)
             ... on level 3 of the Dungeon.
             The game lasted 00:12:42 (3225 turns).

Crabhammer the Digger (Naga Earth Elementalist)     Turns: 3225, Time: 00:12:43

Health: -6/43      AC:  2    Str: 11    XL:     5   Next: 30%
Magic:  6/9        EV: 14    Int: 16    God:
Gold:   133        SH:  0    Dex: 11    Spells: 4/10 levels left

rFire    . . .     SeeInvis +   e - +1 dagger (venom)
rCold    . . .     Faith    .   (no shield)
rNeg     . . .     Spirit   .   c - +0 robe
rPois    +         Reflect  .   (no helmet)
rElec    .         Harm     .   (no cloak)
rCorr    .         Rampage  .   (no gloves)
MR       .....                  (no barding)
Stlth    +++.......             (no amulet)
HPRegen  0.14/turn              h - +4 ring of evasion
MPRegen  0.11/turn              l - ring of stealth

@: short of breath, very slow
A: large, see invisible, deformed body, poison resistance, slowness 2, spit
poison 1, AC +1
a: Spit Poison


You were on level 3 of the Dungeon.
You visited 1 branch of the dungeon, and saw 3 of its levels.

You collected 133 gold pieces.

Inventory:

Hand Weapons
 e - a +1 dagger of venom (weapon)
Missiles
 b - 106 stones (quivered)
Armour
 c - a +0 robe (worn)
Jewellery
 h - a +4 ring of evasion (left hand)
 l - a ring of stealth (right hand)
Scrolls
 a - 3 scrolls of magic mapping {unknown}
 j - a scroll of identify {unknown}
 k - 3 scrolls of remove curse {unknown}
 m - a scroll of random uselessness {unknown}
 n - 2 scrolls of teleportation {unknown}
Potions
 d - 2 potions of degeneration {unknown}
 f - 2 potions of heal wounds {unknown}
 g - a potion of resistance {unknown}
 i - a potion of lignification {unknown}


   Skills:
 + Level 0.8 Fighting
 + Level 1.9 Dodging
 - Level 3.0 Stealth
 + Level 3.1 Spellcasting
 - Level 1.0 Transmutations
 + Level 4.8 Earth Magic


You had 4 spell levels left.
You knew the following spells:

 Your Spells              Type           Power        Failure   Level
a - Sandblast             Erth           ###...       2%          1
b - Passwall              Tmut/Erth      ##......     9%          2
c - Stone Arrow           Conj/Erth      ##....       21%         3

Your spell library contained the following spells:

 Spells                   Type           Power        Failure   Level
 Beastly Appendage        Tmut           #.....       12%         1
 Wereblood                Tmut           #.......     19%         2
 Spider Form              Tmut/Pois      #.........   41%         3
 Petrify                  Tmut/Erth      ##......     50%         4
 Ice Form                 Ice/Tmut       #.......     83%         4
 Lee's Rapid Deconstruct  Erth           ###.......   56%         5
 Blade Hands              Tmut           #.........   98%         5


Dungeon Overview and Level Annotations

Branches:
Dungeon (3/15)

Altars:
Nemelex Xobeh
Vehumet


Innate Abilities, Weirdness & Mutations

You cannot wear boots.
Your serpentine skin is tough. (AC +1)
You have supernaturally acute eyesight. (SInv)
Armour fits poorly on your strangely shaped body.
Your system is resistant to poisons. (rPois)
You cover ground very slowly.
You can spit poison.


Message History

Ouch! That really hurt!
Casting: Sandblast (safe; 2% risk of failure)
Confirm with . or Enter, or press ? or * to list all spells.
Aiming: Sandblast (safe; 2% risk of failure)
Press: ? - help, Shift-Dir - straight line, f/p - two-headed ogre
Aim: a two-headed ogre, wielding a +0 giant spiked club and a -3 giant club (moderately wounded, poisoned)
The blast of sand hits the two-headed ogre!
The two-headed ogre is heavily wounded.
b - 107 stones
Casting: Sandblast (safe; 2% risk of failure)
Confirm with . or Enter, or press ? or * to list all spells.
Aiming: Sandblast (safe; 2% risk of failure)
Press: ? - help, Shift-Dir - straight line, f/p - two-headed ogre
Aim: a two-headed ogre, wielding a +0 giant spiked club and a -3 giant club (heavily wounded, poisoned)
The blast of sand hits the two-headed ogre.
The two-headed ogre is severely wounded.
b - 106 stones The two-headed ogre hits you with a +0 giant spiked club!!
Ouch! That really hurt!
You die...

.#..............###
###.#..#..##.≈..##
#.#..#.....≈..#≈
.........≈≈≈..≈≈ ...
#####.#.≈≈....≈≈# ...
#.#.#≈≈#..#.# ..
#.#.##≈≈≈.#..
..#######.#.####≈≈≈.#
.
#.#.@....†........#..
...
#.#O#####.#.####.##..
.....#.#.## #[#.#
#..... #.(......<#
#.#.# #.##..
###..#.#.## #.#.#
####.. (.. ...#.#
#...# #... . .....#.#
##### #... #####.#.#
## #... ....#
##.##...


You could see a two-headed ogre (poisoned).

Vanquished Creatures
  A bullfrog skeleton (D:2)
  2 adders (D:2)
  An ufetubus (D:2)
  5 worms
  2 dart slugs (D:2)
  A leopard gecko (D:1)
  6 orcs (D:3)
  6 giant cockroaches
  11 goblins
  3 hobgoblins (D:1)
  8 jackals
  2 quokkas
  6 bats
  5 frilled lizards
  6 kobolds
  8 rats
73 creatures vanquished.

Notes
Turn   | Place    | Note
-------+----------+-------------------------------------------
     0 | D:1      | Crabhammer the Naga Earth Elementalist began the quest for
                  | the Orb.
     0 | D:1      | Reached XP level 1. HP: 15/15 MP: 3/3
   545 | D:1      | Reached XP level 2. HP: 22/22 MP: 3/5
   834 | D:1      | Reached XP level 3. HP: 17/28 MP: 6/6
  1524 | D:2      | Reached skill level 4 in Earth Magic
  1614 | D:2      | Found a sparkling altar of Nemelex Xobeh.
  1902 | D:2      | Reached XP level 4. HP: 34/36 MP: 7/7
  2090 | D:2      | Found a radiant altar of Vehumet.
  2400 | D:2      | Reached XP level 5. HP: 43/43 MP: 6/9
  2654 | D:2      | Learned a level 2 spell: Passwall
  2658 | D:2      | Learned a level 3 spell: Stone Arrow
  3214 | D:3      | Noticed a two-headed ogre
  3225 | D:3      | Mangled by a two-headed ogre

Illustrated notes

Levels and vault maps discovered:
D:1:      matt_arrival_los_fun, layout_loops_ring
D:2:      minmay_inner_zag, layout_basic, vehumet_crystals,
          nemelex_xobeh_ov_fountains_minmay
D:3:      layout_basic, chequers_serial_rivers_small_b

Skill      XL: |  1  2  3  4  5 |
---------------+----------------+-----
Earth Magic    | 4 |  4.8
Spellcasting   | 3 |  3.1
Fighting       | |  0.8
Dodging        | |  1.9
Stealth        | |  3.0
Transmutations | |  1.0

Action                   |  1- 3 |  4- 6 || total
-------------------------+-------+-------++-------
Melee: Unarmed           |    21 |       ||    21
       Dagger            |    23 |    13 ||    36
Throw: Stone             |    10 |     4 ||    14
 Cast: Sandblast         |    17 |    47 ||    64
 Abil: Spit Poison       |    27 |    18 ||    45
 Stab: Sleeping          |     1 |       ||     1
Armor: Robe              |     5 |     3 ||     8
Dodge: Dodged            |    26 |    21 ||    47

Table legend: (Time is in decaauts)
 A = Elapsed time spent in this place.
 B = Non-inter-level travel time spent in this place.
 C = Inter-level travel time spent in this place.
 D = Time resting spent in this place.
 E = Time spent auto-exploring this place.
 F = Levels seen in this place.
 G = Mean time per level.
                   A        B        C        D        E       F      G
               +--------+--------+--------+--------+--------+-----+--------+
         Total |   3921 |   3843 |     78 |    761 |   2329 |   3 | 1307.0 |
       Dungeon |   3921 |   3843 |     78 |    761 |   2329 |   3 | 1307.0 |
               +--------+--------+--------+--------+--------+-----+--------+

Top non-repeatable levels by time:
     D:1: 1665 daAuts
     D:2: 1625 daAuts
     D:3: 630 daAuts
